 Dungeon Crawl Stone Soup version 0.23.0-3-gf3c87f2 (webtiles) character file.

Game seed: 13033786548101845212

285 Azzok the Sneak (level 6, -3/43 HPs)
             Began as an Octopode Fighter on Feb 22, 2019.
             Was an Initiate of Okawaru.
             Slain by a sky beast (6 damage)
             ... on level 4 of the Dungeon.
             The game lasted 00:05:24 (4068 turns).

Azzok the Sneak (Octopode Fighter)                  Turns: 4068, Time: 00:05:25

Health: -3/43      AC:  1    Str: 20    XL:     6   Next: 29%
Magic:  7/7        EV: 12    Int: 12    God:    Okawaru [......]
Gold:   188        SH:  9    Dex: 12    Spells: 5/5 levels left

rFire    . . .     SeeInvis .   a - +0 rapier
rCold    . . .     Gourm    .   b - +0 shield
rNeg     . . .     Faith    .   (helmet restricted)
rPois    .         Spirit   .   (no amulet)
rElec    .         Reflect  .   (no ring)
rCorr    .         Harm     .   (no ring)
MR       .....                  (no ring)
Stlth    ++++......             (no ring)
HPRegen  0.14/turn              (no ring)
MPRegen  0.10/turn              (no ring)
                                (no ring)
                                (no ring)

@: mighty
A: almost no armour, stealthy swim, amphibious, 8 rings, constrict 8, camouflage
1, gelatinous body 1
a: Renounce Religion


You were on level 4 of the Dungeon.
You worshipped Okawaru.
Okawaru was noncommittal.
You were hungry.

You visited 1 branch of the dungeon, and saw 5 of its levels.

You collected 188 gold pieces.

Inventory:

Hand Weapons
 a - a +0 rapier (weapon)
 g - a +0 dagger of venom
Missiles
 p - 4 javelins of returning (quivered)
Armour
 b - a +0 shield (worn)
Wands
 u - a wand of iceblast (8)
Scrolls
 e - 5 scrolls of remove curse {unknown}
 f - a scroll of amnesia {unknown}
 k - a scroll of teleportation {unknown}
 l - a scroll of identify {unknown}
 o - 2 scrolls of immolation {unknown}
 q - 3 scrolls of blinking {unknown}
Potions
 c - 2 potions of might
 h - 2 potions of heal wounds {unknown}
 i - 3 potions of haste {unknown}
 j - 2 potions of degeneration {unknown}
 m - a potion of ambrosia {unknown}
 n - a potion of invisibility {unknown}
 r - a potion of lignification {unknown}
 s - a potion of resistance {unknown}
 t - a potion of flight {unknown}
Comestibles
 d - 13 rations


   Skills:
 + Level 3.8 Fighting
 + Level 3.5 Short Blades
 - Level 3.0 Dodging
 - Level 5.0 Stealth
 + Level 3.8 Shields
 + Level 1.4 Invocations


You had 5 spell levels left.
You didn't know any spells.
Your spell library contained the following spells:

 Spells                   Type           Power        Failure   Level  Hunger
 Cause Fear               Hex            #.........   100%        4    #####..
 Silence                  Hex/Air        #.........   100%        5    ######.
 Yara's Violent Unravell  Hex/Tmut       #.........   100%        5    ######.
 Deflect Missiles         Chrm/Air       #.........   100%        6    #######
 Discord                  Hex            #.........   100%        8    #######


Dungeon Overview and Level Annotations

Branches:
Dungeon (5/15)
 Temple: D:4-7

Altars:
Okawaru


Innate Abilities, Weirdness & Mutations

You cannot wear most types of armour.
You are very stealthy in the water. (Stealth+)
You are amphibious.
You can wear up to eight rings at the same time.
You can use your tentacles to constrict eight enemies at once.
Your skin changes colour to match your surroundings (Stealth+).
Your rubbery body absorbs attacks. (AC +1, EV +1)


Message History

There is a stone staircase leading up here.
The sky beast flickers out of sight!
Deactivating autopickup; reactivate with Ctrl-A.
There is a stone staircase leading up here.
Something hits you. Something shocks you.
You climb upwards.
Reactivating autopickup.
There is a stone staircase leading down here.
Deactivating autopickup; reactivate with Ctrl-A.
You miss something. Something hits you. Something shocks you.
You hit something. Something hits you. Something shocks you.
You closely miss something. Something hits you.
* * * LOW HITPOINT WARNING * * *
Something shocks you.
* * * LOW HITPOINT WARNING * * *
You feel very mighty all of a sudden. Something hits you.
* * * LOW HITPOINT WARNING * * *
Something shocks you.
You die...

▒············▒▒▒··<▒·
▒··············▒·▒▒▒·
▒▒···············▒▒▒▒
▒····▒····▒▒·▒▒·····
▒···▒▒··············
▒········▒······▒▒··
▒▒▒·············▒▒▒▒
▒···············▒ ▒
▒·@{····>·······▒ ▒
▒·············[·▒ ▒
▒···············▒
▒···············▒
▒▒··)···[······▒▒▒
▒▒·····▒········▒▒
▒▒▒▒▒▒▒··▒▒▒▒▒··▒
▒··▒ ▒▒·· ▒·>▒ ▒▒·


There were no monsters in sight!

Vanquished Creatures
  A phantom (D:4)
  An orc wizard (D:3)
  6 adders
  A shadow imp (D:4)
  5 worms
  2 dart slugs
  A leopard gecko (D:3)
  3 orcs
  8 giant cockroaches
  12 goblins
  5 hobgoblins
  4 jackals (D:2)
  A quokka (D:3)
  3 ball pythons
  12 bats
  3 frilled lizards
  9 kobolds
  13 rats
90 creatures vanquished.

Notes
Turn   | Place    | Note
-------+----------+-------------------------------------------
     0 | D:1      | Azzok the Octopode Fighter began the quest for the Orb.
     0 | D:1      | Reached XP level 1. HP: 16/16 MP: 1/1
    29 | D:1      | Reached skill level 1 in Stealth
   128 | D:1      | Reached skill level 2 in Stealth
   134 | D:1      | Reached XP level 2. HP: 21/21 MP: 2/2
   287 | D:1      | Reached skill level 3 in Stealth
   487 | D:1      | Reached XP level 3. HP: 21/26 MP: 3/3
   644 | D:1      | Reached skill level 4 in Stealth
   991 | D:2      | Reached skill level 5 in Stealth
  1087 | D:2      | Reached XP level 4. HP: 31/31 MP: 4/4
  2431 | D:3      | Found an iron altar of Okawaru.
  2513 | D:3      | Became a worshipper of Warmaster Okawaru
  2630 | D:3      | Reached XP level 5. HP: 2/36 MP: 5/5
  3729 | D:5      | Entered Level 5 of the Dungeon
  3729 | D:5      | Noticed an ogre
  3729 | D:5      | Noticed a phantom
  3730 | D:5      | Noticed a sky beast
  3763 | D:4      | Killed a phantom
  3763 | D:4      | Reached skill level 1 in Invocations
  3763 | D:4      | Reached XP level 6. HP: 3/43 MP: 5/7
  4068 | D:4      | Slain by a sky beast

Skill      XL: |  1  2  3  4  5 |
---------------+----------------+-----
Stealth        | 2 3 5 |  5.0
Short Blades   | 3 |  3.5
Invocations    | 1 |  1.4
Fighting       | |  3.8
Dodging        | |  3.0
Shields        | |  3.8

Action                   |  1- 3 |  4- 6 || total
-------------------------+-------+-------++-------
Melee: Rapier            |    86 |    97 ||   183
       Tentacles         |    14 |    18 ||    32
       Constrict         |    18 |    18 ||    36
  Use: Potion            |       |     2 ||     2
 Stab: Sleeping          |    10 |    15 ||    25
  Eat: Chunk             |     1 |     8 ||     9
Armor: Skin              |    18 |     1 ||    19
Dodge: Dodged            |    29 |    37 ||    66
Block: Shield            |    38 |    27 ||    65
